 Dungeon Crawl Stone Soup version 0.31-a0-1-g4198be8af4 (webtiles) character file.

Game seed: 12457221313625986773

1425 Mickster the Cleaver (level 8, -2/69 HPs)
             Began as a Hill Orc Berserker on May 2, 2023.
             Was a Priest of Trog.
             Killed from afar by an electric eel (10 damage)
             ... with a bolt of electricity
             ... on level 7 of the Dungeon.
             The game lasted 00:35:17 (3393 turns).

Mickster the Cleaver (Hill Orc Berserker)           Turns: 3393, Time: 00:35:18

Health: -2/69      AC:  9    Str: 22    XL:     8   Next: 72%
Magic:  2/2        EV: 15    Int:  7    God:    Trog [***...]
Gold:   467        SH:  0    Dex: 10    Spells: 7/7 levels left

rFire   . . .        d - +8 Wrath of Trog {antimagic, *Rage Rampage}
rCold   . . .        (shield currently unavailable)
rNeg    . . .        e - +1 scale mail
rPois   .            t - +0 helmet
rElec   .            (no cloak)
rCorr   .            (no gloves)
SInv    .            (no boots)
Will    +....        (no amulet) Stlth
                     h - ring of willpower
HPRegen 0.31/turn    p - +5 ring of evasion
MPRegen 0.08/turn

%: random rage (50%), rampage
@: on berserk cooldown, slowed, very slow
A: no striking features
a: Renounce Religion, Berserk, Trog's Hand


You were on level 7 of the Dungeon.
You worshipped Trog.
Trog was most pleased with you.
You visited 1 branch of the dungeon, and saw 7 of its levels.
You also visited: Ossuary.

You collected 467 gold pieces.

Inventory:

Hand Weapons
 a - a +1 heavy hand axe
 c - the +6 war axe of the Madman {drain, Will+ Int+3 SInv}
   (You acquired it on level 1 of the Dungeon)

   Int:       It affects your intelligence (+3).
   SInv:      It lets you see invisible.
   Will:      It increases your willpower.
 d - the +8 Wrath of Trog (weapon) {antimagic, *Rage Rampage}
   (You acquired it on level 6 of the Dungeon)

   It causes slowness and exhaustion when equipped.
   It extends the wielder's berserk rage when killing foes.
   *Rage:     It berserks you when you make melee attacks (+50% chance).
   Rampage:   It bestows one free step when moving towards enemies.
 r - a +0 shortbow
Missiles
 j - 32 stones
 k - 2 throwing nets (quivered)
Armour
 e - a +1 scale mail (worn)
 m - a +0 tower shield
 t - a +0 helmet (worn)
Jewellery
 h - a ring of willpower (left hand)
 l - a ring of poison resistance
 p - a +5 ring of evasion (right hand)
Scrolls
 b - a scroll of poison
 u - 2 scrolls of teleportation
 v - a scroll of magic mapping
Potions
 f - 4 potions of might
 g - 2 potions of lignification
 i - a potion of heal wounds


   Skills:
 + Level 5.5 Fighting
 * Level 11.6 Axes
 + Level 3.8 Armour
 + Level 2.5 Dodging
 + Level 3.3 Shields


You had 7 spell levels left.
You didn't know any spells.
Your spell library was empty.

Dungeon Overview and Level Annotations

Branches:
Dungeon (7/15)            Ossuary (visited)
 Temple: D:4-7

Altars:
Gozag
Qazlal
Wu Jian
Yredelemnul
The Shining One

Shops:
D:5 (:(


Message History

The electric eel shoots out a bolt of lightning at you!
The bolt of electricity hits you.
The bolt of electricity hits the plant!
The plant begins to die.
The gnoll splashes around in the water.
The gnoll misses you.
The electric eel shoots out a bolt of lightning at you!
The bolt of electricity misses you. The gnoll barely misses you.
You rampage towards the gnoll!
You hit the gnoll.
The gnoll is heavily wounded.
You slash the plant!
The plant begins to die.
You closely miss the electric eel.
A nearby plant withers and dies.
The electric eel shoots out a bolt of lightning at you!
The bolt of electricity misses you.
The bolt of electricity hits the plant!
The plant begins to die.
The gnoll hits you but does no damage.
An electric eel comes into view. x2
The gnoll hits you from afar with a +0 spear.
The electric eel shoots out a bolt of lightning at you!
The bolt of electricity hits the plant!
The plant begins to die.
The bolt of electricity hits you. The gnoll closely misses you.
The electric eel shoots out a bolt of lightning at you!
The bolt of electricity hits the plant!
The bolt of electricity misses you.
The electric eel shoots out a bolt of lightning at you!
The bolt of electricity hits you!
The gnoll splashes around in the water.
You slice the electric eel!!
You kill the electric eel!
Trog accepts your kill.
You slash the plant!
A nearby plant withers and dies. x2
The gnoll splashes around in the water.
The electric eel shoots out a bolt of lightning at you!
The bolt of electricity hits you!
The gnoll hits you from afar with a +0 spear.
* * * LOW HITPOINT WARNING * * *
A nearby plant withers and dies.
The electric eel shoots out a bolt of lightning at you!
The bolt of electricity hits you!
* * * LOW HITPOINT WARNING * * *
The gnoll hits you from afar with a +0 spear.
* * * LOW HITPOINT WARNING * * *
The electric eel shoots out a bolt of lightning at you!
The bolt of electricity hits you!
You die...

## P~ .# P~~≈≈≈P .#
PP~≈~≈≈~
♣♣.#~♣~~S≈≈≈~
#.!~~~~~≈≈≈≈≈ ♣♣
#.#♣♣♣~S≈≈≈≈≈ ♣..
♣###.#~~P≈≈≈≈≈≈≈
♣♣.~♣...).~~~~≈≈≈≈≈≈
#......<).~@~~≈≈≈≈≈≈
..........)♣~~≈≈≈≈≈≈
......#...♣~g~≈≈≈≈≈≈
......#.#.♣♣~~~≈≈≈≈≈
#.#####.##~PP~♣≈≈≈≈≈
# #.. .P♣~~~~≈≈~ ...
.~~~~♣~~~~ ##.
.♣♣~♣P~~~~ ...♣
P~~~~~~


You could see 2 electric eels and a gnoll.

Vanquished Creatures
  2 water moccasins
  2 ogres
  A centaur (D:5)
  2 phantoms (D:6)
  A scorpion (D:5)
  An electric eel (D:7)
  2 jellies
  A gnoll bouda (D:6)
  2 orc priests
  A human zombie (Ossuary)
  3 hounds
  2 sleepcaps
  4 iguanas
  2 orc wizards
  2 mummies (Ossuary)
  9 gnolls
  4 adders
  2 ufetubi (D:5)
  3 worms
  3 dart slugs
  7 orcs
  2 bats (D:1)
  An endoplasm (D:1)
  3 giant cockroaches (D:1)
  3 gnoll zombies (Ossuary)
  11 goblins
  7 hobgoblins
  9 jackals
  A quokka (D:1)
  3 ball pythons
  4 frilled lizards
  4 goblin zombies (Ossuary)
  2 hobgoblin zombies (Ossuary)
  A kobold (D:1)
  4 orc zombies (Ossuary)
  2 rats
113 creatures vanquished.

Vanquished Creatures (others)
  A gnoll (D:7)
  3 fungi (D:1)
  8 plants
12 creatures vanquished.

Grand Total: 125 creatures vanquished

Notes
Turn   | Place    | Note
-------+----------+-------------------------------------------
     0 | D:1      | Mickster the Hill Orc Berserker began the quest for the
                  | Orb.
     0 | D:1      | Reached XP level 1. HP: 19/19 MP: 1/1
   106 | D:1      | Found a faded altar of an unknown god.
   406 | D:1      | Reached XP level 2. HP: 27/27 MP: 2/2
   555 | D:1      | Identified a scroll of acquirement
   555 | D:1      | Acquired the +6 war axe of the Madman {drain, Will+ Int+3
                  | SInv}
   839 | D:1      | Reached XP level 3. HP: 33/33 MP: 3/3
  1271 | D:2      | Reached skill level 5 in Axes
  1292 | D:2      | Reached XP level 4. HP: 40/40 MP: 4/4
  1369 | D:3      | Reached ** piety under Trog
  1374 | D:3      | Reached skill level 6 in Axes
  1374 | D:3      | Reached XP level 5. HP: 47/47 MP: 5/5
  1405 | D:3      | Found a stormy altar of Qazlal.
  1660 | D:3      | Found a basalt altar of Yredelemnul.
  1844 | D:4      | Reached skill level 7 in Axes
  1844 | D:4      | Reached XP level 6. HP: 39/53 MP: 6/6
  1940 | D:4      | Noticed a water moccasin
  1947 | D:4      | Killed a water moccasin
  1948 | D:4      | Reached skill level 1 in Shields
  1956 | D:4      | Reached skill level 8 in Axes
  2031 | D:4      | Found an ornate altar of the Wu Jian Council.
  2148 | D:4      | Found a sand-covered staircase.
  2161 | Ossuary  | Entered an ossuary
  2335 | D:5      | Entered Level 5 of the Dungeon
  2346 | D:5      | Found an opulent altar of Gozag.
  2362 | D:5      | Reached XP level 7. HP: 55/60 MP: 7/7
  2372 | D:5      | Reached skill level 9 in Axes
  2411 | D:5      | Found Ehazufe's Weapon Boutique.
  2413 | D:5      | Found Rukurgh's Book Boutique.
  2415 | D:5      | Found Ameaw's Antique Weapon Boutique.
  2497 | D:5      | Reached skill level 5 in Fighting
  2719 | D:6      | Reached *** piety under Trog
  2720 | D:6      | Reached skill level 10 in Axes
  2724 | D:6      | Reached XP level 8. HP: 58/68 MP: 8/8
  2750 | D:6      | Found a glowing golden altar of the Shining One.
  2933 | D:6      | Acquired the +8 Wrath of Trog {antimagic, *Rage Rampage}
  2933 | D:6      | Found the +8 Wrath of Trog {antimagic, *Rage Rampage}
  2970 | D:6      | Reached skill level 11 in Axes
  3393 | D:7      | Killed from afar by an electric eel

Illustrated notes

Levels and vault maps discovered:
D:1:      dpeg_arrival_signposts, layout_basic,
          shapermc_ecumenical_altar_mp_ritualfount, st_stairs_5
D:2:      layout_basic, serial_shops, shop, corner_web_ring,
          uniq_crazy_yiuf_cottage
D:3:      layout_loops_ring, lemuel_round_altar, grunt_qazlal_clouds,
          grunt_decor_cap
D:4:      layout_gridville, nzn_wu_jian_council_hall, enter_ossuary_1
D:5:      layout_layer_cave, nicolae_gozag_seed_capital, minmay_misc_feat_tiny,
          nicolae_shop_distant_corner_stores
D:6:      layout_basic, nicolae_overflow_crystal_walls
D:7:      layout_loops_ring, nicolae_ru_sacrificial_ziggurat,
          mainiacjoe_overflow_alcove_1, lemuel_temple_firewalk_b, serial_bayou,
          serial_bayou_shore_b, serial_bayou_pond_c, serial_bayou_crossing,
          serial_bayou_lake_a, serial_bayou_ford_a, minmay_quadrilaterals

Skill      XL: |  1  2  3  4  5  6  7  8 |
---------------+-------------------------+-----
Fighting       | 4 5 |  5.5
Axes           | 5 6 7 8 10 11 | 11.6
Dodging        | 2 |  2.5
Shields        | 1 2 3 |  3.3
Armour         | 3 |  3.8

Action                     |  1- 3 |  4- 6 |  7- 9 || total
---------------------------+-------+-------+-------++-------
  Melee: Hand axe          |    36 |       |       ||    36
         War axe           |    23 |    88 |    39 ||   150
         Battleaxe         |       |       |    33 ||    33
 Invoke: Berserk           |     1 |     3 |     2 ||     6
         Trog's Hand       |       |     1 |       ||     1
    Use: Scroll            |     3 |     6 |     7 ||    16
         Potion            |     2 |       |     5 ||     7
 Armour: Animal skin       |    14 |       |       ||    14
         Scale mail        |     5 |    40 |    13 ||    58
  Dodge: Dodged            |    48 |    37 |    46 ||   131
  Block: Tower shield      |       |    53 |    26 ||    79

Table legend: (Time is in decaauts)
 A = Elapsed time spent in this place.
 B = Non-inter-level travel time spent in this place.
 C = Inter-level travel time spent in this place.
 D = Time resting spent in this place.
 E = Time spent auto-exploring this place.
 F = Levels seen in this place.
 G = Mean time per level.
                   A        B        C        D        E       F      G
               +--------+--------+--------+--------+--------+-----+--------+
         Total |   3538 |   3168 |    370 |    182 |      0 |   8 |  442.2 |
       Dungeon |   3369 |   2999 |    370 |    157 |      0 |   7 |  481.3 |
       Ossuary |    168 |    168 |      0 |     25 |      0 |   1 |  168.0 |
               +--------+--------+--------+--------+--------+-----+--------+

Top non-repeatable levels by time:
     D:1: 1214 daAuts
     D:6: 688 daAuts
     D:4: 458 daAuts
     D:3: 409 daAuts
     D:5: 368 daAuts
 Ossuary: 168 daAuts
     D:2: 165 daAuts
     D:7: 64 daAuts
